 Dungeon Crawl Stone Soup version 0.30-a0-1113-ga8025317a9 (webtiles) character file.

Game seed: 12873235220465684317

94 Ijustatesigmund the Shooter (level 4, -8/25 HPs)
             Began as a Kobold Hexslinger on Apr 20, 2023.
             Mangled by Crazy Yiuf
             ... wielding a +3 quarterstaff of chaos
              (12 damage)
             ... on level 3 of the Dungeon.
             The game lasted 00:08:21 (2873 turns).

Ijustatesigmund the Shooter (Kobold Hexslinger)     Turns: 2873, Time: 00:08:21

Health: -8/25      AC:  2    Str:  7    XL:     4   Next: 94%
Magic:  5/5        EV: 15    Int: 16    God:
Gold:   128        SH:  5    Dex: 15    Spells: 4/5 levels left

rFire   . . .      SeeInvis .    a - +1 sling (chaos)
rCold   . . .      Faith    .    (no shield)
rNeg    . . .      Spirit   .    c - +0 robe
rPois   .          Reflect  +    (no helmet)
rElec   .          Rampage  .    (no cloak)
rCorr   .                        (no gloves)
Will    .....                    (no boots)
Stlth   ++                       i - amulet of reflection
HPRegen 0.24/turn                (no ring)
MPRegen 0.09/turn                (no ring)

@: no status effects
A: small, no large weapons, nightstalker 3
a: no special abilities


You were on level 3 of the Dungeon.
You visited 1 branch of the dungeon, and saw 3 of its levels.

You collected 152 gold pieces.
You spent 24 gold pieces at shops.

Inventory:

Hand Weapons
 a - a +1 sling of chaos (weapon)
 e - a +0 short sword
Armour
 c - a +0 robe (worn)
Jewellery
 i - an amulet of reflection (around neck)
 k - a ring of ice
 o - a ring of ice
 s - a ring of positive energy
Wands
 u - a wand of flame (11)
Scrolls
 b - a scroll of poison
 g - a scroll of fear
 n - 2 scrolls of teleportation
 q - 2 scrolls of butterflies
Potions
 d - a potion of haste
 f - 2 potions of lignification
 h - 2 potions of curing
 j - a potion of magic
 l - a potion of experience {unknown}
 m - a potion of attraction {unknown}
 p - a potion of cancellation {unknown}
 r - a potion of degeneration {unknown}
 t - a potion of brilliance {unknown}


   Skills:
 - Level 1.1 Fighting
 + Level 3.0 Short Blades
 + Level 5.3 Ranged Weapons
 - Level 2.4 Dodging
 - Level 1.1 Spellcasting
 - Level 3.0 Hexes


You had 4 spell levels left.
You knew the following spells:

 Your Spells              Type           Power      Damage    Failure   Level
a - Slow                  Hex            40%        N/A       7%          1

Your spell library contained the following spells:

 Spells                   Type           Power      Damage    Failure   Level
 Apportation              Tloc           0%         N/A       22%         1
 Necrotise                Necr           0%         1d4       22%         1
 Summon Small Mammal      Summ           0%         N/A       22%         1
 Inner Flame              Hex/Fire       5%         N/A       36%         3
 Portal Projectile        Hex/Tloc       10%        N/A       36%         3
 Cause Fear               Hex            5%         N/A       54%         4


Dungeon Overview and Level Annotations

Branches:
Dungeon (3/15)

Altars:

Shops:
D:2 (   D:3 *

Annotations:
D:3 Crazy Yiuf


Innate Abilities, Weirdness & Mutations

You are small and have problems with some larger weapons.
You are completely attuned to the shadows.


Message History

The sling bullet barely misses Crazy Yiuf.
You shoot a sling bullet.
The sling bullet hits Crazy Yiuf but does no damage.
Crazy Yiuf says, "Whippet infinity toodlewoodle!"
You shoot a sling bullet.
The sling bullet barely misses Crazy Yiuf.
You block Crazy Yiuf's attack.
You shoot a sling bullet.
The sling bullet barely misses Crazy Yiuf.
Crazy Yiuf hits you with a +3 quarterstaff of chaos!
You are poisoned.
You shoot a sling bullet. The sling bullet hits Crazy Yiuf.
The sling bullet freezes Crazy Yiuf.
Crazy Yiuf is moderately wounded.
You feel very sick.
Crazy Yiuf hits you with a +3 quarterstaff of chaos.
* * * LOW HITPOINT WARNING * * *
Crazy Yiuf freezes you.
* * * LOW HITPOINT WARNING * * *
You feel better.
Crazy Yiuf cries, "Island disdain testudinal!"
Crazy Yiuf hits you with a +3 quarterstaff of chaos!
* * * LOW HITPOINT WARNING * * *
Okay, then.
Fire: a) +1 sling (chaos)
Press: ? - help, Q - select action, (/) - cycle Shift-Dir - straight line, f/p - Crazy Yiuf
Aim: Crazy Yiuf, wielding a +3 quarterstaff of chaos and wearing a +0 cloak (moderately wounded, 63% to hit)
You shoot a sling bullet.
The sling bullet barely misses Crazy Yiuf.
Crazy Yiuf yells, "Shower canine sanguine!"
You block Crazy Yiuf's attack.
Fire: a) +1 sling (chaos)
Press: ? - help, Q - select action, (/) - cycle Shift-Dir - straight line, f/p - Crazy Yiuf
Aim: Crazy Yiuf, wielding a +3 quarterstaff of chaos and wearing a +0 cloak (moderately wounded, 63% to hit)
You shoot a sling bullet. The sling bullet hits Crazy Yiuf.
Crazy Yiuf seems to speed up.
Crazy Yiuf is heavily wounded.
You block Crazy Yiuf's attack.
Crazy Yiuf hits you with a +3 quarterstaff of chaos!
You die...

* #..#
##..### *
#.## #....#
#.# ♣....♣
#.# ♣...♣♣
#.# ♣♣.♣♣
#.# ♣.♣♣ #.#
♣♣.♣ #.#
♣.♣♣ #.#
♣♣@♣ #.##
*#g#*
#####..#
*...*
#......#
#...#
#####.######
#..)#
>.....#
*****
#######


You could see Crazy Yiuf (fast).

Vanquished Creatures
  3 adders (D:3)
  A worm (D:2)
  4 dart slugs
  3 orcs (D:3)
  7 endoplasms
  3 giant cockroaches
  3 goblins
  5 hobgoblins
  4 jackals (D:3)
  2 quokkas
  4 bats
  2 frilled lizards
  6 kobolds
  4 rats
51 creatures vanquished.

Vanquished Creatures (others)
  3 demonic plants (D:1)
  12 plants (D:3)
  2 withered plants (D:1)
17 creatures vanquished.

Grand Total: 68 creatures vanquished

Notes
Turn   | Place    | Note
-------+----------+-------------------------------------------
     0 | D:1      | Ijustatesigmund the Kobold Hexslinger began the quest for
                  | the Orb.
     0 | D:1      | Reached XP level 1. HP: 12/12 MP: 2/2
    28 | D:1      | Found a faded altar of an unknown god.
    41 | D:1      | Reached skill level 3 in Ranged Weapons
   240 | D:1      | Reached XP level 2. HP: 16/16 MP: 3/3
   577 | D:1      | You fall into a shaft and drop 1 floor!
   613 | D:1      | Reached skill level 4 in Ranged Weapons
  1076 | D:2      | Reached XP level 3. HP: 20/20 MP: 4/4
  1306 | D:2      | Found Numo's Weapon Emporium.
  1342 | D:2      | Identified the +0 ring mail "Punnotar" {Will+ Int+4 Dex-2
                  | Stlth+}
  1381 | D:2      | Reached skill level 1 in Short Blades
  1928 | D:3      | Found Dodoklut's General Store.
  1932 | D:3      | Bought a scroll of identify for 24 gold pieces
  2120 | D:3      | Reached XP level 4. HP: 25/25 MP: 5/5
  2365 | D:3      | Reached skill level 5 in Ranged Weapons
  2860 | D:3      | Found a runed translucent door.
  2863 | D:3      | Noticed Crazy Yiuf
  2873 | D:3      | Mangled by Crazy Yiuf

Illustrated notes

Levels and vault maps discovered:
D:1:      onia_arrival_pyramid, layout_rooms, shapermc_ecumenical_altar_gd
D:2:      layout_rooms, serial_shops, nicolae_shop_pleasant_corner_grove,
          corexii_leaking_fountain
D:3:      layout_loops_ring, serial_shops, nicolae_shop_back_alley_shop,
          chequers_big_river, st_stairs_12, chequers_serial_rivers_small_b,
          uniq_crazy_yiuf_cottage

Skill      XL: |  1  2  3  4 |
---------------+-------------+-----
Ranged Weapons | 3 4 5 |  5.3
Short Blades   | 2 3 |  3.0
Fighting       | |  1.1
Dodging        | |  2.4
Spellcasting   | |  1.1
Hexes          | |  3.0

Action                     |  1- 3 |  4- 6 || total
---------------------------+-------+-------++-------
  Melee: Short sword       |     5 |       ||     5
   Fire: Sling             |   108 |    81 ||   189
   Cast: Slow              |     5 |       ||     5
    Use: Scroll            |    11 |     1 ||    12
         Potion            |       |     1 ||     1
 Armour: Robe              |     4 |     6 ||    10
  Dodge: Dodged            |    29 |    48 ||    77
  Block: Other             |     5 |    15 ||    20
         Reflection        |     1 |       ||     1

Table legend: (Time is in decaauts)
 A = Elapsed time spent in this place.
 B = Non-inter-level travel time spent in this place.
 C = Inter-level travel time spent in this place.
 D = Time resting spent in this place.
 E = Time spent auto-exploring this place.
 F = Levels seen in this place.
 G = Mean time per level.
                   A        B        C        D        E       F      G
               +--------+--------+--------+--------+--------+-----+--------+
         Total |   2905 |   2855 |     50 |    792 |   1619 |   3 |  968.3 |
       Dungeon |   2905 |   2855 |     50 |    792 |   1619 |   3 |  968.3 |
               +--------+--------+--------+--------+--------+-----+--------+

Top non-repeatable levels by time:
     D:3: 1180 daAuts
     D:1: 979 daAuts
     D:2: 745 daAuts
